AoeStats
← Nikki

Arabia

508393208Analyzed
1v1 RM · 9d ago on Sep 22, 2026· 31m 48s· 2 players
Game mode
Random Map
Map size
Tiny (2 player)
Population
200
Speed
Normal
Resources
Standard
Victory
Conquest
Starting age
Dark Age
Ending age
Imperial Age
RankedLock teamsTeams togetherTeam positionsShared explorationLock speedFull tech treeHidden civsTurbo modeCheats
Victory
Defeat
🇩🇪 Franks · Germany
828
+15
🇹🇷 Cumans · Türkiye
806
-15
yuzika
4:20 Loom
10:34 Feudal Age
11:09 Double-Bit Axe
12:26 Wheelbarrow
16:19 Town Watch
17:15 Bloodlines
18:31 Horse Collar
24:52 Castle Age
24:54 Scale Barding Armor
25:01 Forging
29:11 Squires
29:16 Pikeman
Nikki
7:31 Loom
10:01 Feudal Age
13:07 Scale Barding Armor
20:05 Castle Age
19:55 Forging
19:38 Fletching
24:00 Chain Barding Armor
25:23 Iron Casting
26:52 Crossbowman
28:02 Double-Bit Axe
28:55 Wheelbarrow
Connection lost

Rejoining the realm…

Still unreachable

The connection could not be restored.

Session expired

The server has moved on; the page needs a fresh start.